 Seeded DCSS version 0.28.0-43-g3370ac3207 (webtiles) character file.

Game seed: 7121082916606783627 (custom seed)

88 gzilladon the Chopper (level 4, 0/40 HPs)
             Began as a Hill Orc Monk on Mar 30, 2022.
             Was a Believer of Beogh.
             Slain by an ice beast (2 damage)
             ... on level 2 of the Dungeon.
             The game lasted 00:10:46 (2335 turns).

gzilladon the Chopper (Hill Orc Monk)               Turns: 2335, Time: 00:10:46

Health: 0/40       AC:  8    Str: 15    XL:     4   Next: 53%
Magic:  1/4        EV:  7    Int: 10    God:    Beogh [**....]
Gold:   150        SH:  0    Dex: 13    Spells: 3/3 levels left

rFire   . . .      SeeInvis +   a - +0 hand axe
rCold   . . .      Faith    .   (no shield)
rNeg    . . .      Spirit   .   g - +0 chain mail
rPois   .          Reflect  .   (no helmet)
rElec   .          Harm     .   (no cloak)
rCorr   .          Rampage  .   (no gloves)
Will    .....                   (no boots)
Stlth   ..........              (no amulet)
HPRegen 0.13/turn               o - ring of see invisible
MPRegen 0.09/turn               (no ring)

@: no status effects
A: no striking features
a: Renounce Religion, Smiting


You were on level 2 of the Dungeon.
You worshipped Beogh.
Beogh was pleased with you.
You visited 1 branch of the dungeon, and saw 3 of its levels.

You collected 150 gold pieces.

Inventory:

Hand Weapons
 a - a +0 hand axe (weapon)
Missiles
 h - 8 poisoned darts (quivered)
 s - 4 boomerangs
Armour
 b - a +0 robe
 c - a +0 leather armour
 d - a +0 ring mail
 g - a +0 chain mail (worn)
Jewellery
 o - a ring of see invisible (left hand)
Scrolls
 f - a scroll of blinking {unknown}
 i - a scroll of torment {unknown}
 j - 3 scrolls of immolation {unknown}
 k - a scroll of teleportation {unknown}
 l - 4 scrolls of identify {unknown}
 n - a scroll of summoning {unknown}
 p - a scroll of enchant armour {unknown}
Potions
 e - a potion of curing {unknown}
 m - a potion of attraction {unknown}
 q - a potion of berserk rage {unknown}
 r - a potion of magic {unknown}


   Skills:
 + Level 4.1 Fighting
 * Level 5.6 Axes
 + Level 0.9 Armour
 + Level 2.8 Dodging
 - Level 1.7 Stealth
 * Level 0.8 Invocations


You had 3 spell levels left.
You didn't know any spells.
Your spell library contained the following spells:

 Spells                   Type           Power      Damage    Failure   Level
 Conjure Flame            Conj/Fire      0%         6-21      100%        3
 Ignite Poison            Fire/Tmut/Pois 0%         N/A       100%        3
 Sticky Flame             Conj/Fire      0%         2d3       100%        4


Dungeon Overview and Level Annotations

Branches:
Dungeon (3/15)

Altars:
Uskayaw
Yredelemnul

Shops:
D:1 *


Message History

There is an open door here.
You open the door.
There is an open door here.
Things that are here:
a +0 dagger; a +0 whip You enter the shallow water.
Moving in this stuff is going to be slow.
You barely miss the ice beast.
The ice beast is lightly wounded.
The ice beast hits you but does no damage.
You hit the ice beast.
The ice beast is lightly wounded.
The ice beast hits you. The ice beast freezes you!
You barely miss the ice beast.
The ice beast is lightly wounded.
The ice beast hits you. The ice beast freezes you!
Things that are here:
a +0 morningstar; an orc corpse
Things that are here:
a +0 morningstar; an orc corpse
Things that are here:
a +0 morningstar; an orc corpse A kobold comes into view.
It is wielding a +0 dagger.
Things that are here:
a +0 morningstar; an orc corpse
There is a stone staircase leading up here.
The ice beast hits you but does no damage.
You climb upwards.
There is a stone staircase leading down here.
The ice beast hits you. The ice beast freezes you. The ice beast hits you.
The ice beast freezes you!
* * * LOW HITPOINT WARNING * * *
Aiming: Smiting
Press: ? - help, Dir - move target, f - ice beast Smite: an ice beast You smite the ice beast!
The ice beast is moderately wounded.
You can no longer gain orcish followers.
The ice beast hits you.
You die...

##.###...#..#....#.#...##.....#
..............[............##.#
......##.#....##.#.>.#....###.##
.....#...##..##..##..##........##
.....#.########.###..##.#........
.......# #..##......#.####..#
###...### #.#...#.#.......)...
........# ####Y###.###.###.##..
........# #.#.@.............#..
........# #...##.###.###.##....
........# ###.#...........#.#..
........# #...##.###.##...#..
........# ##.#.#.......#.#.#..
........# #..#...##.##...#...#
........# ##.#.#.#...#.#.#.#.#
........# #...#...#...#...#.#
........# #.#.#.#...#.#.#.#.#


You could see an ice beast.

Vanquished Creatures
  A howler monkey zombie (D:3)
  2 adders (D:2)
  2 worms (D:2)
  A dart slug (D:2)
  An orc (D:2)
  5 ball pythons (D:2)
  2 bats (D:1)
  4 endoplasms
  A giant cockroach (D:1)
  7 goblins
  6 hobgoblins
  7 quokkas
  2 frilled lizards (D:3)
  A giant cockroach zombie (D:3)
  2 kobolds
  A rat (D:1)
45 creatures vanquished.

Vanquished Creatures (others)
  3 orc priests (D:3)
  2 orcs (D:3)
  2 kobolds (D:3)
  7 toadstools (D:3)
14 creatures vanquished.

Grand Total: 59 creatures vanquished

Notes
Turn   | Place    | Note
-------+----------+-------------------------------------------
     0 | D:1      | gzilladon the Hill Orc Monk began the quest for the Orb.
     0 | D:1      | Reached XP level 1. HP: 19/19 MP: 1/1
   181 | D:3      | Noticed an orc priest
   181 | D:3      | Noticed an orc priest
   182 | D:3      | Became a worshipper of Beogh the Brigand
   182 | D:3      | Reached * piety under Beogh
   182 | D:3      | Reached ** piety under Beogh
   182 | D:3      | Noticed an orc priest
   191 | D:3      | Killed an orc priest
   253 | D:2      | Reached XP level 2. HP: 16/27 MP: 2/2
   302 | D:2      | Found a faded altar of an unknown god.
   324 | D:2      | Reached XP level 3. HP: 15/33 MP: 3/3
   840 | D:1      | Found Rirorouf's Assorted Antiques.
   929 | D:1      | Reached skill level 5 in Axes
  1232 | D:2      | Reached XP level 4. HP: 19/40 MP: 4/4
  1754 | D:3      | Found a hide-covered altar of Uskayaw.
  1816 | D:3      | Found a basalt altar of Yredelemnul.
  1880 | D:3      | Noticed an ice beast
  1964 | D:3      | Reached *** piety under Beogh
  2333 | D:2      | HP: 1/40 [ice beast (14)]
  2335 | D:2      | Slain by an ice beast

Illustrated notes

Levels and vault maps discovered:
D:1:      minmay_arrival_plants_in_alcoves, layout_rooms, serial_shops, shop,
          chequers_serial_rivers_large_b
D:2:      layout_rooms, hellmonk_ecumenical_altar_leap_of_faith,
          minmay_door_square, nicolae_concentric_dashed_squares_mild
D:3:      cheibrodos_fertilizer, layout_basic, lemuel_tele_altar,
          lemuel_zombie_altar_yredelemnul, serial_shops,
          nicolae_shop_behind_doors, serial_rivers,
          chequers_serial_rivers_small_a, chequers_serial_rivers_micro_c,
          chequers_serial_rivers_room_a, chequers_serial_rivers_micro_e,
          chequers_serial_rivers_small_a, kennysheep_generic_room_9

Skill      XL: |  1  2  3 |
---------------+----------+-----
Fighting       | 4 |  4.1
Axes           | 5 |  5.6
Armour         | |  0.9
Dodging        | |  2.8
Stealth        | |  1.7
Invocations    | |  0.8

Action                   |  1- 3 |  4- 6 || total
-------------------------+-------+-------++-------
Melee: Hand axe          |   102 |    38 ||   140
       Punch             |     2 |     1 ||     3
Invok: Convert to Beogh  |     1 |       ||     1
       Smiting           |       |     1 ||     1
Armor: Ring mail         |     9 |       ||     9
       Chain mail        |    54 |    27 ||    81
Dodge: Dodged            |    51 |    11 ||    62
